 Dungeon Crawl Stone Soup version 0.21.1-1-g345015f (webtiles) character file.

9639 Fang the Cleaver (level 11, -3/106 HPs)
             Began as a Gargoyle Berserker on May 21, 2018.
             Was a High Priest of Trog.
             Slain by a 17-headed hydra (7 damage)
             ... on level 11 of the Dungeon.
             The game lasted 00:15:52 (11742 turns).

Fang the Cleaver (Gargoyle Berserker)              Turns: 11742, Time: 00:15:52

Health: -3/106     AC: 23    Str: 34    XL:     11   Next: 49%
Magic:  0/11       EV: 11    Int:  7    God:    Trog [*****.]
Gold:   744        SH:  5    Dex:  9    Spells: 10/10 levels left

rFire    + . .     SeeInvis .   a - +1 hand axe
rCold    . . .     Gourm    .   (no shield)
rNeg     + . .     Faith    .   h - +4 chain mail {rF+}
rPois    ∞         Spirit   .   (no helmet)
rElec    +         Reflect  +   (no cloak)
rCorr    .         Harm     .   (no gloves)
MR       .....                  (no boots)
Stlth    ..........             v - +5 amulet of reflection
HPRegen  0.27/turn              f - +1 ring of slaying
MPRegen  0.12/turn              i - +4 ring of strength

@: berserking, very quick
A: negative energy resistance 1, electricity resistance, unbreathing,
petrification resistance, rot immunity, AC +8
a: Berserk, Trog's Hand, Brothers in Arms, Burn Spellbooks, Renounce Religion


You were on level 11 of the Dungeon.
You worshipped Trog.
Trog was extremely pleased with you.
You were very hungry.

You visited 1 branch of the dungeon, and saw 11 of its levels.

You collected 744 gold pieces.

Inventory:

Hand Weapons
 a - a +1 hand axe (weapon)
Armour
 h - a +4 chain mail of fire resistance (worn)
Jewellery
 f - a +1 ring of slaying (left hand)
 g - a +3 ring of protection
 i - a +4 ring of strength (right hand)
 v - a +5 amulet of reflection (around neck)
Wands
 c - a wand of random effects (20)
 p - a wand of scattershot (3)
 q - a wand of iceblast (19)
 r - a wand of acid (5)
 s - a wand of polymorph (21)
 y - a wand of paralysis (8)
Scrolls
 d - 7 scrolls of teleportation
 e - 6 scrolls of remove curse
 j - 2 scrolls of immolation
 m - a scroll of identify
 x - 2 scrolls of noise {unknown}
Potions
 k - 6 potions of curing
 l - 2 potions of haste
 n - a potion of lignification
 o - 2 potions of mutation
 u - a potion of flight
 z - a potion of brilliance
 A - 3 potions of cancellation
Books
 t - a book of Misfortune

   Spells                             Type                      Level
   a - Confusing Touch                Hexes                        1
   b - Confuse                        Hexes                        3
   c - Gell's Gravitas                Translocation                3
   d - Petrify                        Transmutation/Earth          4
   e - Metabolic Englaciation         Hexes/Ice                    5
   f - Yara's Violent Unravelling     Hexes/Transmutation          5
   Trog disapproves of the use of such an item.
Comestibles
 b - 14 rations


   Skills:
 + Level 9.0 Fighting
 + Level 11.2 Axes
 + Level 10.6 Armour
 + Level 3.5 Dodging
 + Level 2.4 Stealth


You had 10 spell levels left.
You didn't know any spells.

Dungeon Overview and Level Annotations

Branches:
Dungeon (11/15)            Temple (0/1) D:6            Lair (0/6) D:8
    Orc (0/2) D:10

Altars:
Ashenzari
Dithmenos
Elyvilon
Fedhas
Hepliaklqana
Nemelex Xobeh
Okawaru
Trog
Uskayaw
Vehumet
Xom
Zin
The Shining One

Shops:
D:4 *

Annotations:
D:11 exclusion: statue


Innate Abilities, Weirdness & Mutations

You are resistant to torment.
Your stone body is resilient. (AC +8)
You are immune to poison.
You resist negative energy. (rN+)
You are resistant to electric shocks. (rElec)
You can survive without breathing.
You are immune to petrification.
You are immune to rotting.


Message History

The 14-headed hydra grows two more!
You slash the 16-headed hydra!
The 16-headed hydra is lightly wounded.
You slash the eye of draining!
Unknown command.
You hack one of the 16-headed hydra's heads off!
The 15-headed hydra grows two more!
You slash the 17-headed hydra!
The 17-headed hydra is moderately wounded.
You slash the eye of draining!
The 17-headed hydra completely misses you.
The 17-headed hydra barely misses you. x2; The 17-headed hydra bites you.
* * * LOW HITPOINT WARNING * * *
The 17-headed hydra bites you but does no damage.
The 17-headed hydra bites you.
* * * LOW HITPOINT WARNING * * *
The 17-headed hydra bites you but does no damage.
The 17-headed hydra bites you.
* * * LOW HITPOINT WARNING * * *
The 17-headed hydra bites you but does no damage. x4
The 17-headed hydra bites you!
You die...

####.#...#
.. #..)..#
.. ...
##..### .#
## #..#
..# ##.##
..# #..#
#..#
#..##...#
#...#G.#
#...@D.#
###$.#.#
##.# # #.#
#.# #..
##. ..


You could see a 17-headed hydra and an eye of draining.

Vanquished Creatures
  2 two-headed ogres (D:9)
  An ugly thing (D:10)
  Joseph (D:8)
  A gargoyle (D:10)
  2 trolls (D:10)
  2 hornets (D:8)
  A hippogriff (D:11)
  8 yaks (D:10)
  A wyvern (D:11)
  Grum (D:8)
  The ghost of robbits the Charmwright, an amateur GnSk (D:4)
  A hungry ghost (D:8)
  2 wargs (D:8)
  A soldier ant (D:8)
  3 ice beasts
  7 orc warriors
  5 ogres
  3 phantoms
  A necrophage (D:8)
  4 wolves (D:8)
  7 bullfrogs
  A gnoll sergeant (D:10)
  A big kobold (D:7)
  6 killer bees (D:7)
  A howler monkey (D:6)
  4 crimson imps
  Crazy Yiuf (D:3)
  3 hounds
  7 orc priests
  11 orc wizards
  A centaur skeleton (D:5)
  2 iguanas
  Natasha (thrice) (D:2)
  6 worker ants
  A hound skeleton (D:4)
  A worker ant zombie (D:7)
  A howler monkey skeleton (D:6)
  7 adders
  4 gnolls (D:10)
  3 shadow imps
  An ooze (D:4)
  3 worms
  A dart slug (D:2)
  4 leopard geckos
  58 orcs
  2 ball pythons
  4 bats
  4 giant cockroaches
  3 goblins
  4 hobgoblins (D:2)
  14 jackals
  10 kobolds
  6 quokkas
  2 frilled lizards
  A quokka skeleton (D:6)
  6 rats
242 creatures vanquished.

Vanquished Creatures (others)
  An orc wizard (D:7)
1 creature vanquished.

Grand Total: 243 creatures vanquished

Notes
Turn   | Place    | Note
-------+----------+-------------------------------------------
     0 | D:1      | Fang the Gargoyle Berserker began the quest for the Orb.
     0 | D:1      | Reached XP level 1. HP: 14/14 MP: 1/1
   268 | D:1      | Reached XP level 2. HP: 19/19 MP: 2/2
   702 | D:2      | Reached skill level 3 in Axes
   704 | D:2      | Reached XP level 3. HP: 20/24 MP: 3/3
  1203 | D:2      | Reached XP level 4. HP: 29/29 MP: 4/4
  1453 | D:2      | Noticed Natasha
  1464 | D:2      | Reached ** piety under Trog
  1465 | D:2      | Killed Natasha
  1465 | D:2      | Reached XP level 5. HP: 33/33 MP: 5/5
  1478 | D:2      | Reached skill level 4 in Axes
  1520 | D:2      | Found a glowing silver altar of Zin.
  1754 | D:2      | Noticed Natasha
  1768 | D:2      | Killed Natasha
  2099 | D:2      | Noticed Natasha
  2104 | D:2      | Killed Natasha
  2951 | D:3      | Found a runed door.
  3241 | D:3      | Noticed Crazy Yiuf
  3255 | D:3      | HP: 1/49 [Crazy Yiuf/quarterstaff of chaos (5)]
  3256 | D:3      | Killed Crazy Yiuf
  3256 | D:3      | Reached XP level 6. HP: 1/39 MP: 6/6
  3861 | D:4      | Noticed robbits's ghost (amateur GnSk)
  3873 | D:4      | Killed robbits's ghost
  3873 | D:4      | Reached skill level 5 in Axes
  3900 | D:4      | Found a shimmering altar of Xom.
  3949 | D:4      | Reached XP level 7. HP: 41/44 MP: 7/7
  4071 | D:4      | Found Decutan's Assorted Antiques.
  4274 | D:4      | Found a shattered altar of Ashenzari.
  4508 | D:5      | Entered Level 5 of the Dungeon
  4555 | D:5      | Reached skill level 5 in Armour
  4790 | D:5      | Reached skill level 1 in Stealth
  4977 | D:5      | Reached skill level 5 in Fighting
  5029 | D:5      | Found a sparkling altar of Nemelex Xobeh.
  5281 | D:5      | Reached XP level 8. HP: 49/49 MP: 8/8
  5288 | D:5      | Found a hazy altar of Hepliaklqana.
  5523 | D:6      | Reached *** piety under Trog
  5525 | D:6      | Reached skill level 6 in Axes
  6304 | D:6      | Found a staircase to the Ecumenical Temple.
  6405 | D:7      | Found a shadowy altar of Dithmenos.
  6413 | D:7      | Reached skill level 7 in Axes
  6438 | D:7      | Reached **** piety under Trog
  6447 | D:7      | Reached XP level 9. HP: 42/55 MP: 9/9
  6447 | D:7      | Received a gift from Trog
  6686 | D:7      | Found a blossoming altar of Fedhas.
  6747 | D:7      | Found a hide-covered altar of Uskayaw.
  6752 | D:7      | Found a white marble altar of Elyvilon.
  6753 | D:7      | Found an iron altar of Okawaru.
  7423 | D:8      | Found a radiant altar of Vehumet.
  7446 | D:8      | Found a bloodstained altar of Trog.
  7477 | D:8      | Reached skill level 8 in Axes
  7790 | D:8      | Noticed Joseph
  7793 | D:8      | Paralysed by Joseph for 3 turns
  7817 | D:8      | Killed Joseph
  7860 | D:8      | Found a staircase to the Lair.
  8006 | D:8      | Noticed Grum
  8017 | D:8      | Reached skill level 9 in Axes
  8019 | D:8      | Reached XP level 10. HP: 47/63 MP: 10/10
  8036 | D:8      | Killed Grum
  8775 | D:9      | Noticed a two-headed ogre
  8782 | D:9      | Killed a two-headed ogre
  8997 | D:9      | Noticed a two-headed ogre
  9010 | D:9      | Killed a two-headed ogre
  9010 | D:9      | Reached skill level 10 in Axes
  9284 | D:9      | Found the +3 Elemental Staff {rElec rF++ rC++ MR++ AC+5}
  9284 | D:9      | Found a glowing golden altar of the Shining One.
 10001 | D:10     | Entered Level 10 of the Dungeon
 10034 | D:10     | Noticed a gargoyle
 10048 | D:10     | Killed a gargoyle
 10048 | D:10     | Reached skill level 10 in Armour
 10052 | D:10     | Reached XP level 11. HP: 69/69 MP: 11/11
 10118 | D:10     | Noticed a green ugly thing
 10133 | D:10     | Killed a green ugly thing
 10879 | D:10     | Reached ***** piety under Trog
 11124 | D:10     | Found a staircase to the Orcish Mines.
 11278 | D:10     | Reached skill level 11 in Axes
 11675 | D:11     | Noticed an archer statue
 11727 | D:11     | Noticed a five-headed hydra
 11742 | D:11     | HP: 4/106 [17-headed hydra (6)]
 11742 | D:11     | Slain by a 17-headed hydra

Skill      XL: |  1  2  3  4  5  6  7  8  9 10 11 |
---------------+----------------------------------+-----
Axes           | 3 4 5 7 9 10 11 | 11.2
Fighting       | 4 5 7 8 9 |  9.0
Armour         | 3 4 5 7 8 10 | 10.6
Stealth        | 1 2 |  2.4
Dodging        | 2 3 |  3.5

Action                   |  1- 3 |  4- 6 |  7- 9 | 10-12 || total
-------------------------+-------+-------+-------+-------++-------
Melee: Hand axe          |    49 |   157 |   454 |   390 ||  1050
Invok: Berserk           |     2 |     5 |     7 |     7 ||    21
  Use: Scroll            |       |     7 |     8 |     8 ||    23
  Eat: Chunk             |     2 |     5 |    20 |    14 ||    41
       Ration            |       |     2 |     2 |     1 ||     5
Armor: Chain mail        |    34 |    96 |   288 |   214 ||   632
       Animal skin       |     1 |       |       |       ||     1
Dodge: Dodged            |    31 |    65 |   200 |   171 ||   467
Block: Other             |       |       |       |    59 ||    59
